 Dungeon Crawl Stone Soup version 0.17-a0-2127-g1cb09f6 (webtiles) character file.

121 tp1 the Conjurer (level 4, 0/24 HPs)
             Began as a Deep Elf Fire Elementalist on Oct 23, 2015.
             Slain by an orc wizard
             ... wielding a +0 dagger
              (1 damage)
             ... on level 3 of the Dungeon.
             The game lasted 00:13:21 (1850 turns).

tp1 the Conjurer (Deep Elf Fire Elementalist)       Turns: 1850, Time: 00:13:21

Health: 0/24       AC:  2    Str:  5    XL:     4   Next: 76%
Magic:  1/10       EV: 13    Int: 21    God:
Gold:   93         SH:  0    Dex: 15    Spells: 1 memorised, 8 levels left

rFire  . . .     SeeInvis .     p - +0 short sword
rCold  . . .     Clarity  .     a - +0 robe
rNeg   . . .     SustAt   .     (no shield)
rPois  .         Gourm    .     (no helmet)
rElec  .         Spirit   .     (no cloak)
rCorr  .         Warding  .     (no gloves)
rMut   .         Stasis   .     (no boots)
MR     .....                    (no amulet)
Stlth  ++........               (no ring)
                                (no ring)

@: very slightly contaminated, not resistant to hostile enchantments, unstealthy
A: no striking features
a: no special abilities


You were on level 3 of the Dungeon.
You were hungry.

You visited 1 branch of the dungeon, and saw 3 of its levels.

You collected 93 gold pieces.

Inventory:

Hand Weapons
 p - a +0 short sword (weapon)
Armour
 a - a +0 robe (worn)
Scrolls
 e - a scroll of remove curse {unknown}
 g - a scroll of teleportation
 i - a scroll of amnesia
 k - a scroll of noise
Potions
 d - a potion of might {unknown}
 h - a potion of cure mutation {unknown}
 m - 3 potions of flight {unknown}
 q - a potion of degeneration {unknown}
 r - a potion of curing {unknown}
 t - a potion of haste {unknown}
 u - a potion of magic {unknown}
Books
 b - a book of Flames

   Spells                             Type                      Level
   a - Flame Tongue                   Conjuration/Fire             1
   b - Throw Flame                    Conjuration/Fire             2
   c - Conjure Flame                  Conjuration/Fire             3
   d - Inner Flame                    Hexes/Fire                   3
   e - Sticky Flame                   Conjuration/Fire             4
   f - Fireball                       Conjuration/Fire             5
Comestibles
 c - 2 bread rations
 f - a royal jelly
 j - 6 chunks of flesh
 n - a meat ration
 o - a beef jerky


   Skills:
 - Level 2.6 Dodging
 - Level 2.4 Stealth
 - Level 3.0 Spellcasting
 + Level 4.4 Conjurations
 - Level 4.1 Fire Magic


You had 8 spell levels left.
You knew the following spells:

 Your Spells              Type           Power        Failure   Level  Hunger
a - Flame Tongue          Conj/Fire      ###..        1%          1    None


Dungeon Overview and Level Annotations

Branches:
Dungeon (3/15)

Altars:
Elyvilon


Message History

You barely miss the orc wizard.
The orc wizard is severely wounded.
The orc wizard mumbles some strange words.
The orc wizard blinks!
You hit the orc wizard but do no damage.
The orc wizard is severely wounded.
The orc wizard gestures wildly while chanting.
The orc wizard seems to speed up.
Casting: Flame Tongue
Confirm with . or Enter, or press ? or * to list all spells.
You don't have enough magic to cast that spell.
You hit the orc wizard but do no damage.
The orc wizard is severely wounded.
The orc wizard barely misses you. The orc wizard closely misses you.
You barely miss the orc wizard.
The orc wizard is severely wounded.
The orc wizard hits you with a dagger.
* * * LOW HITPOINT WARNING * * *
The orc wizard hits you with a dagger.
You die...

#.# #.##.# # ## #.#
#.#.. .#
#...##.###.#.###.##>
#......#.#.......?
###....(.......#
#..#.#......#
#....#....#.#
#.##..<...#.#
#.##.#.@...)#
.....#o.....#
##...........#
########...##
#...######
#.........
##.#####...#####.
#....)......(?..
.......)........


You could see an orc wizard.

Vanquished Creatures
  An orc priest (D:3)
  2 adders
  2 oozes
  3 giant geckos
  3 orcs (D:3)
  2 ball pythons (D:2)
  9 goblins
  5 hobgoblins
  6 jackals (D:2)
  4 bats
  2 giant cockroaches (D:1)
  3 giant newts
  10 kobolds
  5 rats
57 creatures vanquished.

Notes
Turn   | Place    | Note
--------------------------------------------------------------
     0 | D:1      | tp1 the Deep Elf Fire Elementalist began the quest for the Orb.
     0 | D:1      | Reached XP level 1. HP: 10/10 MP: 6/6
   210 | D:1      | Reached XP level 2. HP: 15/15 MP: 4/8
   290 | D:1      | Reached skill level 4 in Fire Magic
   848 | D:2      | Reached XP level 3. HP: 17/19 MP: 4/9
  1444 | D:2      | Reached XP level 4. HP: 18/24 MP: 0/10
  1603 | D:2      | Found a white marble altar of Elyvilon.
  1850 | D:3      | HP: 1/24 [orc wizard/dagger (4)]
  1850 | D:3      | Slain by an orc wizard

Vault maps used:
D:1:      arrival_zaba_pyramid, bh_walls_and_bars
D:2:      lemuel_round_altar, minmay_bisected
D:3:      gup_sewer_entry_bubbles

Action                   |  1- 3 |  4- 6 || total
-------------------------+-------+-------++-------
Melee: Short sword       |       |    11 ||    11
 Cast: Flame Tongue      |    79 |    29 ||   108
  Use: Scroll            |       |     6 ||     6
  Eat: Chunk             |     1 |     1 ||     2
